 Dungeon Crawl Stone Soup version 0.17-a0-1442-g10bb59b (webtiles) character file.

3275 urechis the Martial Artist (level 10, -11/49 HPs)
             Began as a Vine Stalker Monk on June 27, 2015.
             Mangled by Gastronok (16 damage)
             ... on level 8 of the Dungeon.
             The game lasted 00:20:27 (6742 turns).

urechis the Martial Artist (Vine Stalker Monk)      Turns: 6742, Time: 00:20:28

Health: -11/49     AC:  6    Str: 14    XL:     10   Next: 0%
Magic:  0/17       EV: 14    Int: 10    God:
Gold:   536        SH:  0    Dex: 20    Spells: 0 memorised, 9 levels left

rFire  . . .     SeeInvis .       - Unarmed
rCold  + . .     Clarity  +     p - +0 leather armour
rNeg   . . .     SustAt   .     (no shield)
rPois  .         Gourm    .     f - +0 helmet
rElec  .         Spirit   +     l - +0 cloak
rCorr  .         Warding  .     i - +0 pair of gloves
rMut   .         Stasis   .     (no boots)
MR     ++...                    A - amulet of clarity
Stlth  ++........               r - ring of protection from cold
                                t - ring of protection from magic

@: very resistant to hostile enchantments, unstealthy
A: fangs 3, regeneration 2, magic shield, antimagic bite, no device heal 3, rot
immunity
a: no special abilities


You were on level 8 of the Dungeon.
You were hungry.

You visited 2 branches of the dungeon, and saw 9 of its levels.

You collected 536 gold pieces.

Inventory:

Missiles
 n - a throwing net (quivered)
Armour
 f - a +0 helmet (worn)
 i - a +0 pair of gloves (worn)
 l - a +0 cloak (worn)
 p - a +0 leather armour (worn)
Jewellery
 o - an uncursed amulet of stasis
 r - a ring of protection from cold (right hand)
 t - a ring of protection from magic (left hand)
 A - an amulet of clarity (around neck)
Magical devices
 y - a wand of flame (33)
 G - a wand of frost (28)
Scrolls
 c - 4 scrolls of identify
 d - 4 scrolls of remove curse
 j - 2 scrolls of amnesia
 m - 4 scrolls of magic mapping
 s - a scroll of blinking
 F - a scroll of teleportation {unknown}
Potions
 a - a potion of resistance {unknown}
 g - a potion of magic {unknown}
 h - a potion of heal wounds {unknown}
 k - 6 potions of curing
 q - a potion of ambrosia {unknown}
 v - a potion of degeneration {unknown}
 x - a potion of might
 B - 2 potions of lignification {unknown}
 C - 2 potions of haste
Books
 e - a book of Spatial Translocations

   Spells                             Type                      Level
   a - Apportation                    Translocation                1
   b - Blink                          Translocation                2
   c - Shroud of Golubria             Charms/Translocation         2
   d - Portal Projectile              Translocation                3
   e - Teleport Other                 Translocation                3
   f - Passage of Golubria            Translocation                4
 w - a book of the Earth

   Spells                             Type                      Level
   a - Leda's Liquefaction            Hexes/Earth                  4
   b - Bolt of Magma                  Conjuration/Fire/Earth       5
   c - Statue Form                    Transmutation/Earth          6
   d - Iron Shot                      Conjuration/Earth            6
   e - Shatter                        Earth                        9
 D - a book of Battle

   Spells                             Type                      Level
   a - Infusion                       Charms                       1
   b - Shroud of Golubria             Charms/Translocation         2
   c - Song of Slaying                Charms                       2
   d - Spectral Weapon                Hexes/Charms                 3
   e - Regeneration                   Charms/Necromancy            3
Comestibles
 b - 6 bread rations
 u - 5 fruits
 z - 3 beef jerkies
 E - 7 slices of pizza


   Skills:
 + Level 4.0 Fighting
 + Level 3.7 Dodging
 - Level 2.4 Stealth
 - Level 10.2 Unarmed Combat
 - Level 8.0 Evocations


You had 9 spell levels left.
You didn't know any spells.

Dungeon Overview and Level Annotations

Branches:
Dungeon (8/15)             Temple (1/1) D:5
   Lair: D:8-11

Altars:
Ashenzari
Cheibriados
Dithmenos
Elyvilon
Fedhas
Gozag
Kikubaaqudgha
Nemelex Xobeh
Okawaru
Qazlal
Ru
Sif Muna
Trog
Vehumet
Xom
Yredelemnul
Zin
The Shining One

Annotations:
D:8 Gastronok


Innate Abilities, Weirdness & Mutations

You have razor-sharp teeth.
You heal very quickly.
When hurt, damage is shared between your health and your magic reserves.
Your bite disrupts and absorbs the magic of your enemies.
Potions and wands cannot restore your health.
You are immune to rotting.


Message History

You drain his magic.
You feel invigorated.
Gastronok is severely wounded.
The orc closely misses you.
You hit Gastronok but do no damage. You punch Gastronok! You bite Gastronok.
Gastronok's magic leaks into the air.
You drain his magic.
Gastronok is almost dead.
The orc closely misses you.
You hit Gastronok.
Gastronok is almost dead.
Gastronok bites you!!
* * * LOW HITPOINT WARNING * * *
You hit Gastronok.
Gastronok is almost dead.
The orc hits you from afar with a trident.
* * * LOW HITPOINT WARNING * * *
You hit Gastronok. You bite Gastronok!
Gastronok's magic leaks into the air.
You drain his magic.
You feel invigorated.
Gastronok is almost dead.
The orc closely misses you. Gastronok bites you!!
You die...

#.#
#..........
#.#
##.###.###.
#.# #.###.#
#. #.#
#..##.# #.
# #.#
##.##.# #.
#. #.#
#..#.# #.
.. #.#
####.#.# #.
##o####.#
#....#.# #.
#..w@...#
#....#.# #.
#..###≈≈#
####...####
#. #§##
##...... #
.≈# #.>.###
##≈#
##..### .≈#
#..... ..§
#.###. #≈#
#.# #.
#.###.


You could see Gastronok and an orc.

Vanquished Creatures
  A human (D:7)
  A yak (D:7)
  Menkaure (D:4)
  A hippogriff (D:8)
  An orc warrior (D:7)
  Duvessa (D:7)
  A necrophage (D:5)
  A sky beast (D:6)
  An ogre (D:4)
  A centaur (D:5)
  4 ice beasts
  3 giant frogs
  Dowan (D:7)
  A scorpion (D:4)
  7 wights
  3 jellies
  2 giant frog skeletons
  7 orc priests
  Jessica (D:3)
  6 orc wizards
  A gnoll shaman (D:7)
  An iguana (D:4)
  5 worker ants
  3 sheep (D:7)
  A hound skeleton (D:4)
  A hound zombie (D:7)
  A worker ant zombie (D:5)
  12 gnolls
  Robin (D:3)
  13 adders
  2 oozes (D:6)
  A worm (D:2)
  28 orcs
  A ball python (D:1)
  11 bats
  4 giant cockroaches
  22 goblins
  12 hobgoblins
  3 jackals (D:3)
  4 quokkas
  7 giant geckos
  3 giant newts
  14 kobolds
  A quokka skeleton (D:7)
  12 rats
209 creatures vanquished.

Vanquished Creatures (others)
  A giant cockroach (D:2)
1 creature vanquished.

Grand Total: 210 creatures vanquished

Notes
Turn   | Place    | Note
--------------------------------------------------------------
     0 | D:1      | urechis the Vine Stalker Monk began the quest for the Orb.
     0 | D:1      | Reached XP level 1. HP: 11/11 MP: 2/2
    69 | D:1      | Reached XP level 2. HP: 16/16 MP: 3/3
  1091 | D:2      | Reached skill level 5 in Unarmed Combat
  1091 | D:2      | Reached XP level 3. HP: 11/19 MP: 2/4
  1551 | D:2      | Reached XP level 4. HP: 23/23 MP: 5/5
  1863 | D:3      | Noticed Jessica
  1863 | D:3      | Noticed Robin
  1946 | D:3      | Killed Jessica
  1968 | D:3      | Killed Robin
  1968 | D:3      | Reached skill level 6 in Unarmed Combat
  2020 | D:3      | Reached XP level 5. HP: 25/27 MP: 4/6
  2477 | D:4      | Reached skill level 7 in Unarmed Combat
  2481 | D:4      | Gained mutation: You heal very quickly. [Vine Stalker growth]
  2481 | D:4      | Reached XP level 6. HP: 16/32 MP: 4/7
  2628 | D:4      | Found a radiant altar of Vehumet.
  2767 | D:4      | Reached skill level 8 in Unarmed Combat
  2868 | D:4      | Noticed an ogre
  2890 | D:4      | Reached XP level 7. HP: 31/35 MP: 8/8
  2904 | D:4      | Killed an ogre
  3229 | D:4      | Noticed Menkaure
  3235 | D:4      | Killed Menkaure
  3235 | D:4      | Reached skill level 9 in Unarmed Combat
  3279 | D:5      | Entered Level 5 of the Dungeon
  3448 | D:5      | Gained mutation: You have razor-sharp teeth. [Vine Stalker growth]
  3448 | D:5      | Reached XP level 8. HP: 39/39 MP: 9/9
  3560 | D:5      | Reached skill level 10 in Unarmed Combat
  3650 | D:5      | Reached skill level 1 in Evocations
  3673 | D:5      | Found a staircase to the Ecumenical Temple.
  3687 | Temple   | Entered the Ecumenical Temple
  4687 | D:6      | Reached skill level 5 in Evocations
  4687 | D:6      | Reached XP level 9. HP: 6/43 MP: 2/14
  5218 | D:7      | Found a stormy altar of Qazlal.
  5911 | D:7      | Found a glowing golden altar of the Shining One.
  5911 | D:7      | Found a shimmering altar of Xom.
  6080 | D:7      | Noticed Duvessa
  6081 | D:7      | Noticed Dowan
  6096 | D:7      | Killed Duvessa
  6102 | D:7      | Killed Dowan
  6459 | D:8      | Reached XP level 10. HP: 47/49 MP: 17/17
  6718 | D:8      | Noticed Gastronok
  6742 | D:8      | Mangled by Gastronok

Vault maps used:
D:1:      minmay_arrival_radiant_lines
D:2:      lemuel_flame_loot_1
D:3:      uniq_jessica, uniq_robin
D:4:      vehumet_altar_wand_db, uniq_menkaure
D:5:      minmay_temple_entry_large_hall, first_bread
D:7:      gammafunk_temple_overflow_wave, grunt_qazlal_sundering,
          grunt_livestock, uniq_duvessa, uniq_prince_ribbit1
D:8:      lightli_temple_of_fire, minmay_fountain_box, kennysheep_doodads,
          moated_statue, uniq_gastronok, uniq_pikel
Temple:   chambers_temple_14

Action                   |  1- 3 |  4- 6 |  7- 9 | 10-12 || total
-------------------------+-------+-------+-------+-------++-------
Melee: Unarmed           |    83 |   178 |   360 |    25 ||   646
  Use: Potion            |       |       |     1 |       ||     1
       Scroll            |       |       |    12 |       ||    12
 Stab: Sleeping          |     5 |     2 |    11 |     1 ||    19
  Eat: Chunk             |     1 |     5 |    11 |     1 ||    18
